 Dungeon Crawl Stone Soup version 0.28-a0-674-gdaf460b524 (webtiles) character file.

Game seed: 9780905036667971118

229 blank1 the Cudgeller (level 5, 0/45 (48) HPs)
             Began as a Minotaur Fighter on Oct 17, 2021.
             Slain by a wight (3 damage)
             ... on level 4 of the Dungeon.
             The game lasted 00:04:25 (2656 turns).

blank1 the Cudgeller (Minotaur Fighter)             Turns: 2656, Time: 00:04:27

HP:   0/45 (48)     AC:  8    Str: 22    XL:     5   Next: 71%
MP:   4/4           EV: 10    Int:  5    God:
Gold: 72            SH:  4    Dex:  9    Spells: 4/4 levels left

rFire   . . .      SeeInvis .   a - +0 flail
rCold   . . .      Faith    .   c - +0 buckler
rNeg    + . .      Spirit   .   b - +0 scale mail
rPois   .          Reflect  .   (helmet restricted)
rElec   .          Harm     .   (no cloak)
rCorr   .          Rampage  .   (no gloves)
Will    .....                   i - +0 pair of boots
Stlth   ..........              (no amulet)
HPRegen 0.15/turn               p - ring of positive energy
MPRegen 0.09/turn               (no ring)

@: drained
A: horns 2, retaliatory headbutt
a: no special abilities


You were on level 4 of the Dungeon.
You visited 1 branch of the dungeon, and saw 4 of its levels.

You collected 72 gold pieces.

Inventory:

Hand Weapons
 a - a +0 flail (weapon)
Armour
 b - a +0 scale mail (worn)
 c - a +0 buckler (worn)
 i - a +0 pair of boots (worn)
Jewellery
 p - a ring of positive energy (left hand)
Wands
 n - a wand of flame (11)
Scrolls
 g - a scroll of fear {unknown}
 h - 2 scrolls of vulnerability {unknown}
 j - a scroll of summoning {unknown}
 k - a scroll of amnesia
 m - a scroll of teleportation {unknown}
 q - a scroll of noise {unknown}
Potions
 d - 2 potions of might
 e - 2 potions of lignification
 f - a potion of heal wounds
 l - a potion of curing
 o - a potion of brilliance


   Skills:
 + Level 5.2 Fighting
 + Level 5.2 Maces & Flails
 - Level 4.0 Armour
 - Level 2.0 Dodging
 - Level 4.0 Shields


You had 4 spell levels left.
You didn't know any spells.
Your spell library contained the following spells:

 Spells                   Type           Power      Damage    Failure   Level
 Ensorcelled Hibernation  Hex/Ice        0%         N/A       90%         2
 Portal Projectile        Hex/Tloc       0%         N/A       99%         3
 Spider Form              Tmut/Pois      0%         N/A       99%         3
 Blade Hands              Tmut           0%         N/A       100%        5
 Excruciating Wounds      Necr           0%         N/A       100%        5


Dungeon Overview and Level Annotations

Branches:
Dungeon (4/15)
 Temple: D:4-7

Altars:
The Shining One

Shops:
D:1 !


Innate Abilities, Weirdness & Mutations

You have a pair of horns on your head.
You reflexively headbutt those who attack you in melee.


Message History

Done exploring.
Done exploring.
Done exploring.
Search for what [Enter for "."]? .
You see here a quokka skeleton.
There is a stone staircase leading down here.
You climb downwards.
Found 10 sling bullets and a scroll labelled YPIACI QUQAAH.
Found an escape hatch in the ceiling.
There is a stone staircase leading up here.
As you read the scroll of identify, it crumbles to dust.
q - a potion of degeneration Drop what? 17/52 slots (_ for help) (? for menu, Esc to quit)
You drop a potion of degeneration.
Found a stone staircase leading up.
There is an escape hatch in the ceiling here.
Found 17 stones.
q - a scroll labelled YPIACI QUQAAH
Found an escape hatch in the floor.
A wight comes into view.
It is wielding a +6 great sword of freezing.
Found a leather armour.
The wight barely misses you.
You hit the wight but do no damage. You block the wight's attack.
The wight hits you with a +6 great sword of freezing!!
You partially resist.
You feel drained. The wight freezes you!
You are too injured to fight recklessly!
You are too injured to fight recklessly!
You are too injured to fight recklessly!
You are too injured to fight recklessly!
You hit the wight but do no damage.
A wight comes into view. It is wielding a +0 long sword.
The wight closely misses you.
You hit the wight but do no damage. You headbutt the wight.
The wight is heavily damaged.
The wight hits you with a +6 great sword of freezing!
* * * LOW HITPOINT WARNING * * *
You partially resist.
You feel drained.
* * * LOW HITPOINT WARNING * * *
The wight freezes you.
You die...

...... #..... ..[...
...... ....##
####.#####......
.....zz@.>#
##...####.# #. #.#
#.##############
#...............
.########...........
....................
########............
#............


You could see 2 wights.

Vanquished Creatures
  A water moccasin (D:3)
  A gnoll (D:1)
  4 adders (D:2)
  A dart slug (D:1)
  3 worms
  An orc (D:3)
  6 ball pythons
  3 bats
  8 endoplasms
  2 giant cockroaches (D:1)
  6 goblins
  8 hobgoblins
  5 jackals (D:1)
  5 kobolds
  4 quokkas
  2 frilled lizards
  4 rats
64 creatures vanquished.

Notes
Turn   | Place    | Note
-------+----------+-------------------------------------------
     0 | D:1      | blank1 the Minotaur Fighter began the quest for the Orb.
     0 | D:1      | Reached XP level 1. HP: 19/19 MP: 0/0
   135 | D:1      | Reached XP level 2. HP: 27/27 MP: 1/1
   383 | D:1      | Reached XP level 3. HP: 31/33 MP: 2/2
   673 | D:1      | Found Ebaschogor's Distillery.
   801 | D:2      | Reached skill level 1 in Dodging
  1160 | D:2      | Found a glowing golden altar of the Shining One.
  1214 | D:2      | Reached XP level 4. HP: 29/40 MP: 3/3
  2285 | D:3      | Noticed a water moccasin
  2294 | D:3      | Killed a water moccasin
  2295 | D:3      | Reached skill level 5 in Fighting
  2295 | D:3      | Reached skill level 5 in Maces & Flails
  2295 | D:3      | Reached XP level 5. HP: 39/48 MP: 4/4
  2370 | D:3      | Found a faded altar of an unknown god.
  2656 | D:4      | Slain by a wight

Illustrated notes

Levels and vault maps discovered:
D:1:      dpeg_arrival_lava_temple_mockup, layout_basic, serial_shops, shop,
          solitary_fountain, chequers_avenue, minmay_close_crescents
D:2:      minmay_spotlight, layout_basic, basic_altar
D:3:      layout_loops_ring, shapermc_ecumenical_altar_mp_vishouse,
          minmay_misc_feat_x, hex_large
D:4:      minmay_goblin_kobold_castle, layout_basic,
          minmay_temple_entry_drinking_statues, skrybe_limestone_x

Skill      XL: |  1  2  3  4 |
---------------+-------------+-----
Shields        | 4 |  4.0
Fighting       | 4 5 |  5.2
Maces & Flails | 3 4 5 |  5.2
Armour         | 4 |  4.0
Dodging        | 1 2 |  2.0

Action                   |  1- 3 |  4- 6 || total
-------------------------+-------+-------++-------
Melee: Flail             |    73 |    85 ||   158
       Headbutt          |     9 |    11 ||    20
  Use: Scroll            |     3 |     3 ||     6
Armor: Scale mail        |    30 |    25 ||    55
Dodge: Dodged            |    27 |    49 ||    76
Block: Buckler           |    17 |    12 ||    29

Table legend: (Time is in decaauts)
 A = Elapsed time spent in this place.
 B = Non-inter-level travel time spent in this place.
 C = Inter-level travel time spent in this place.
 D = Time resting spent in this place.
 E = Time spent auto-exploring this place.
 F = Levels seen in this place.
 G = Mean time per level.
                   A        B        C        D        E       F      G
               +--------+--------+--------+--------+--------+-----+--------+
         Total |   2687 |   2607 |     80 |    277 |   1900 |   4 |  671.8 |
       Dungeon |   2687 |   2607 |     80 |    277 |   1900 |   4 |  671.8 |
               +--------+--------+--------+--------+--------+-----+--------+

Top non-repeatable levels by time:
     D:2: 1152 daAuts
     D:1: 783 daAuts
     D:3: 720 daAuts
     D:4: 30 daAuts
